 Dungeon Crawl Stone Soup version 0.28.0-53-g5a82cb258f (webtiles) character file.

Game seed: 10811099965514904187

47441 0gre the Frost Mage (level 14, -4/114 HPs)
             Began as a Gnoll Ice Elementalist on July 15, 2022.
             Was a Priest of Ashenzari.
             Slain by a centaur warrior zombie (8 damage)
             ... in a Gauntlet on July 17, 2022.
             The game lasted 02:18:41 (21146 turns).

0gre the Frost Mage (Gnoll Ice Elementalist)       Turns: 21146, Time: 02:18:42

Health: -4/114     AC: 20    Str:  8    XL:     14   Next: 41%
Magic:  28/30      EV: 23    Int: 19    God:    Ashenzari [***...]
Gold:   1096       SH:  5    Dex: 18    Spells: 28/38 levels left

rFire   + . .      SeeInvis +   d - +2 battleaxe (flame)
rCold   . . .      Faith    .   (shield currently unavailable)
rNeg    + . .      Spirit   .   k - +5 leather armour of Ashenzari's Sybil {rN+, Alch, Self} (curse)
rPois   .          Reflect  +   K - +2 helmet of the Shackled Planets {SInv, Elem, Fort} (curse)
rElec   .          Harm     .   C - +1 cloak
rCorr   .          Rampage  .   y - +1 pair of gloves
Will    ++...      Clarity  +   g - +1 pair of boots
Stlth   +++++..... NoTele   +   w - amulet of the Chained Sorrow {Reflect SH+5, Melee, Bglg} (curse)
HPRegen 0.29/turn               L - ring "Seer of the Bound Sage" {Fly rF+ Dex+5, Cun, Elem} (curse)
MPRegen 0.22/turn               N - ring "Behold Eternity" {Will+ EV+4, Self, Cun} (curse)

@: mighty, lethally poisoned (-4 -> -18), flying, slowed, very slow
A: fangs 1, strong nose, distributed training
a: Renounce Religion, Curse Item, Shatter the Chains


You were in a Gauntlet.
You worshipped Ashenzari.
Ashenzari was most pleased with you.
You visited 3 branches of the dungeon, and saw 17 of its levels.
You also visited: Gauntlet, Ice Cave and Volcano.

You collected 1096 gold pieces.

Inventory:

Hand Weapons
 a - a +6 battleaxe of venom
 b - a +3 longbow of flaming
 c - a +0 glaive
 d - a +2 battleaxe of flaming (weapon)
 e - a +2 vorpal hand crossbow
Missiles
 i - 14 javelins
 j - 4 curare-tipped darts (quivered)
 t - 230 arrows
 z - 29 poisoned darts
 A - 122 bolts
 G - 10 boomerangs
Armour
 f - the +1 leather armour "Diciyf" {Str+2}
   (You found it on level 3 of the Dungeon)

   Str:       It affects your strength (+2).
 g - a +1 pair of boots (worn)
 k - the cursed +5 leather armour of Ashenzari's Sybil (worn) {rN+, Alch, Self}
   (You found it on level 3 of the Lair of Beasts)

   rN:        It protects you from negative energy.
   It has a curse which improves the following skills: Alchemy: Poison Magic and
   Transmutations.
   Introspection: Fighting and Spellcasting.
 y - a +1 pair of gloves (worn)
 C - a +1 cloak (worn)
 D - a +2 scale mail of fire resistance
 K - the cursed +2 helmet of the Shackled Planets (worn) {SInv, Elem, Fort}
   (You acquired it on level 1 of the Lair of Beasts)

   It has a curse which improves the following skills: Elements: Fire Magic, Ice
   Magic, Air Magic and Earth Magic.
   Fortitude: Armour and Shields.
Jewellery
 m - a +4 ring of slaying
 s - the ring "Cigivolu" {Contam rPois rC+ rN+ SInv}
   (You took it off a centaur warrior on level 8 of the Dungeon)

   [ring of see invisible]

   rC:        It protects you from cold.
   rPois:     It protects you from poison.
   rN:        It protects you from negative energy.
   SInv:      It lets you see invisible.
   Contam:    It causes magical contamination when unequipped.
 w - the cursed amulet of the Chained Sorrow (around neck) {Reflect SH+5, Melee, Bglg}
   (You found it on level 6 of the Dungeon)

   [amulet of reflection]

   It reflects blocked missile attacks.
   SH:        It affects your SH (+5).
   It has a curse which improves the following skills: Melee Combat: Short
   Blades, Long Blades, Axes, Maces & Flails, Polearms, Staves and Unarmed
   Combat.
   Beguiling: Conjurations, Hexes and Translocations.
 J - the ring of the Clam {+Blink rN+ MP+9}
   (You found it on level 8 of the Dungeon)

   [ring of magical power]

   rN:        It protects you from negative energy.
   MP:        It affects your magic capacity (+9).
   +Blink:    It lets you blink.
 L - the cursed ring "Seer of the Bound Sage" (left hand) {Fly rF+ Dex+5, Cun, Elem}
   (You took it off a meliai on level 8 of the Dungeon)

   [ring of flight]

   Dex:       It affects your dexterity (+5).
   rF:        It protects you from fire.
   Fly:       It grants you flight.
   It has a curse which improves the following skills: Cunning: Dodging and
   Stealth.
   Elements:  Fire Magic, Ice Magic, Air Magic and Earth Magic.
 N - the cursed ring "Behold Eternity" (right hand) {Will+ EV+4, Self, Cun}
   (You took it off a centaur warrior on level 8 of the Dungeon)

   [ring of evasion]

   EV:        It affects your evasion (+4).
   Will:      It increases your willpower.
   It has a curse which improves the following skills: Introspection: Fighting
   and Spellcasting.
   Cunning:   Dodging and Stealth.
 O - an amulet of the acrobat
Wands
 x - a wand of acid (6)
 E - a wand of charming (8)
 F - a wand of iceblast (7)
 H - a wand of polymorph (10)
Scrolls
 h - a scroll of amnesia
 n - 3 scrolls of teleportation
 p - 2 scrolls of blinking
 I - a scroll of silence
 M - a scroll of summoning
 Q - a scroll of fog
 T - 2 scrolls of magic mapping
Potions
 l - 4 potions of magic
 r - 7 potions of lignification
 u - 2 potions of attraction
 v - a potion of haste
 B - 3 potions of invisibility
 P - 5 potions of mutation
 R - a potion of resistance
 S - a potion of ambrosia
 V - 2 potions of berserk rage
Miscellaneous
 U - a lightning rod (4/4)


   Skills:
 + Level 9.2(11.7) Fighting
 + Level 9.2(10.8) Short Blades
 + Level 9.2(10.8) Long Blades
 + Level 9.2(10.8) Axes
 + Level 9.2(10.8) Maces & Flails
 + Level 9.2(10.8) Polearms
 + Level 9.2(10.8) Staves
 + Level 9.2 Slings
 + Level 9.2 Bows
 + Level 9.2 Crossbows
 + Level 9.2 Throwing
 + Level 9.2(10.8) Armour
 + Level 10.3(12.7) Dodging
 + Level 10.1(12.6) Stealth
 + Level 9.2(10.8) Shields
 + Level 9.2(10.8) Unarmed Combat
 + Level 10.5(12.9) Spellcasting
 + Level 7.7(9.3) Conjurations
 + Level 7.7(9.3) Hexes
 + Level 7.7 Summonings
 + Level 7.7 Necromancy
 + Level 7.7(9.3) Translocations
 + Level 7.7(9.3) Transmutations
 + Level 7.7(10.2) Fire Magic
 + Level 10.5(12.9) Ice Magic
 + Level 7.7(10.2) Air Magic
 + Level 7.7(10.2) Earth Magic
 + Level 7.7(9.3) Poison Magic
 + Level 10.0 Invocations
 + Level 9.2 Evocations


You had 28 spell levels left.
You knew the following spells:

 Your Spells              Type           Power      Damage    Failure   Level
a - Stone Arrow           Conj/Erth      98%        3d13      1%          3
b - Frozen Ramparts       Ice            100%       1d12      1%          3
c - Animate Dead          Necr           20%        N/A       3%          4

Your spell library contained the following spells:

 Spells                   Type           Power      Damage    Failure   Level
 Freeze                   Ice            100%       1d11      1%          1
 Sandblast                Erth           100%       2d20      1%          1
 Passwall                 Tmut/Erth      40%        N/A       1%          2
 Static Discharge         Conj/Air       49%        N/A       1%          2
 Dazzling Flash           Conj/Hex       94%        N/A       1%          3
 Ozocubu's Armour         Ice            57%        N/A       1%          3
 Animate Armour           Summ/Erth      92%        N/A       1%          4
 Hailstorm                Conj/Ice       53%        3d12      1%          4
 Passage of Golubria      Tloc           47%        N/A       1%          4
 Sticky Flame             Conj/Fire      49%        2d7       1%          4
 Dispel Undead            Necr           41%        3d16      3%          4
 Silence                  Hex/Air        24%        N/A       3%          5
 Borgnjor's Vile Clutch   Necr/Erth      23%        N/A       4%          5
 Agony                    Necr           41%        N/A       9%          5
 Ozocubu's Refrigeration  Ice            28%        4d10      30%         7
 Death Channel            Necr           20%        N/A       43%         6
 Lehudib's Crystal Spear  Conj/Erth      24%        10d7      100%        8


Dungeon Overview and Level Annotations

Branches:
Dungeon (11/15)            Temple (1/1) D:7            Lair (5/6) D:11
  Swamp (0/4) Lair:3        Snake (0/4) Lair:4          Orc (0/2) D:11
  IceCv (visited)         Volcano (visited)         Gauntlet (1/1)
  Slime: Lair:5-6

Altars:
Ashenzari
Cheibriados
Dithmenos
Elyvilon
Makhleb
Nemelex Xobeh
Qazlal
Ru
Sif Muna
Trog
Uskayaw
Wu Jian
Xom
Zin
The Shining One
Beogh

Shops:
D:5 *

Annotations:
Lair:4 3 runed translucent doors, DocClef's ghost, journeyman GnIE Gauntlet 13 transporters, 15 runed translucent doors


Innate Abilities, Weirdness & Mutations

You have very sharp teeth.
Your uncanny sense of smell can sniff out nearby items.
Your experience applies equally to all skills.


Message History

The centaur warrior zombie completely resists.
The wall freezes the centaur warrior zombie but does no damage.
The centaur warrior zombie hits you but does no damage.
The centaur warrior zombie closely misses you.
The wall freezes the death drake.
The death drake seems to slow down.
The death drake closely misses you.
The spectral centaur warrior resists.
The wall freezes the spectral centaur warrior.
The centaur warrior zombie completely resists.
The wall freezes the centaur warrior zombie but does no damage.
The centaur warrior zombie hits you.
* * * LOW HITPOINT WARNING * * *
You block the centaur warrior zombie's attack.
The centaur warrior zombie resists.
The wall freezes the centaur warrior zombie.
The centaur warrior zombie misses you.
The centaur warrior zombie barely misses you.
The wall freezes the death drake!
The death drake breathes miasma at you. The foul vapour engulfs you.
You are lethally poisoned!
* * * LOW HITPOINT WARNING * * *
The spectral centaur warrior resists.
The wall freezes the spectral centaur warrior.
The centaur warrior zombie completely resists.
The wall freezes the centaur warrior zombie but does no damage.
The centaur warrior zombie hits you.
* * * LOW HITPOINT WARNING * * *
You block the centaur warrior zombie's attack.
Blink to where?
Press: ? - help, Dir - move target Your frozen ramparts will break if you move.
Continue?
The frozen ramparts melt away as you move.
As you read the scroll of blinking, it crumbles to dust.
* * * LOW HITPOINT WARNING * * *
You feel extremely sick.
The spectral centaur warrior misses you.
The spectral centaur warrior completely misses you. x2
You block the spectral centaur warrior's attack.
The centaur warrior zombie hits you!
You die...

.#..=!©.!..#.#...[©?=ZZ#.##.#=©[!
.#..##.##..#.#...#.#..Z#.###.#.P#
.#.#..#..#x#.#....#...Z#.##..####
.#.#..#.x#x#.#.#..#..#.#.##.###u.
.#..#####.x#.#.#######.#.###u#.##
.#.#.©#..#.#.#.#Z○#..#.#.#....#..
.#.#..#..#x#.#°°k°#....#.#©.##..#
.#..##.##..#.#°ZZ###...#.#.##.#..
.#........x#.#°.@......#.##..##G#
.################################
.....#©...........©...........©#≈
≈....#############.##############
###..............#.#§≈8≈§#©......
#8#..............#.##############
###############..#.#.........#.#.
#8# #8# #8#..#.#..######.#.#. ###
### ###..#.#.##....###.#.


You could see a death drake (slow), a spectral centaur warrior, 5 small
abominations and 2 centaur warrior zombies.

Vanquished Creatures
  Rupert (Lair:3)
  Gastronok (D:10)
  Nessos (Lair:4)
  2 boulder beetles (D:8)
  10 hydras
  Harold (D:7)
  A catoblepas (D:8)
  2 ogre magi
  2 centaur warriors (D:8)
  10 two-headed ogres
  A hell knight (Volcano)
  Sonja (Lair:3)
  A necromancer (Gauntlet)
  A cyclops (D:11)
  A manticore (D:8)
  12 elephants
  2 black mambas
  A smoke demon (Gauntlet)
  8 cane toads
  Maggie (D:7)
  An ice devil (D:11)
  6 komodo dragons
  A tyrant leech (Lair:3)
  2 polar bears
  A meliai (D:8)
  A troll (shapeshifter) (D:10)
  9 blink frogs (Lair:2)
  A meliai zombie (Gauntlet)
  Sigmund (D:5)
  2 shadows (D:11)
  2 wraiths (D:8)
  2 basilisks (Lair:4)
  2 wyverns
  24 yaks
  Menkaure (D:5)
  5 nagas (Lair:4)
  Edmund (D:5)
  2 swamp worms (Lair:3)
  An acid dragon (D:8)
  9 water moccasins
  A black bear (D:4)
  2 ice beasts (D:8)
  A sky beast (D:7)
  4 orc warriors
  2 hornet zombies
  5 ogres
  8 wolves
  4 centaurs
  15 bullfrogs
  A wyvern zombie (D:6)
  A two-headed ogre simulacrum (IceCv)
  A wyvern skeleton (D:7)
  6 killer bees
  A water moccasin skeleton (D:6)
  10 wights
  11 howler monkeys
  2 electric eels (Lair:4)
  3 crimson imps (Gauntlet)
  4 centaur zombies
  4 orc priests
  3 hounds
  Crazy Yiuf (D:6)
  A gnoll shaman (D:7)
  2 bullfrog skeletons
  Jessica (D:2)
  A centaur skeleton (D:7)
  3 iguanas
  Terence (D:2)
  5 orc wizards
  A spriggan simulacrum (IceCv)
  4 hell rats (Lair:4)
  A killer bee zombie (D:8)
  A wolf simulacrum (IceCv)
  A hound skeleton (D:5)
  A howler monkey zombie (D:8)
  20 gnolls
  2 naga simulacra (IceCv)
  10 adders
  4 white imps
  An ufetubus (IceCv)
  An adder skeleton (D:4)
  A worm (D:3)
  5 dart slugs
  24 orcs
  4 endoplasms
  6 giant cockroaches
  5 goblins
  4 hobgoblins
  7 jackals
  6 quokkas
  3 ball pythons
  5 bats
  2 frilled lizards (D:1)
  7 kobolds
  6 rats
370 creatures vanquished.

Vanquished Creatures (collateral kills)
  A centaur zombie (D:10)
  A centaur (D:10)
2 creatures vanquished.

Vanquished Creatures (others)
  28 demonic plants (Gauntlet)
  20 fungi
  20 plants
68 creatures vanquished.

Grand Total: 440 creatures vanquished

Notes
Turn   | Place    | Note
-------+----------+-------------------------------------------
     0 | D:1      | 0gre the Gnoll Ice Elementalist began the quest for the
                  | Orb.
     0 | D:1      | Reached XP level 1. HP: 13/13 MP: 6/6
   192 | D:1      | Reached XP level 2. HP: 14/19 MP: 1/7
  1002 | D:1      | Reached XP level 3. HP: 14/25 MP: 7/9
  1006 | D:1      | Learned a level 3 spell: Frozen Ramparts
  1138 | D:1      | Reached skill level 5 in Spellcasting
  1570 | D:2      | Noticed Terence
  1578 | D:2      | Killed Terence
  1579 | D:2      | Reached skill level 1 in Fighting
  1579 | D:2      | Reached skill level 1 in Short Blades
  1579 | D:2      | Reached skill level 1 in Long Blades
  1579 | D:2      | Reached skill level 1 in Axes
  1579 | D:2      | Reached skill level 1 in Maces & Flails
  1579 | D:2      | Reached skill level 1 in Polearms
  1579 | D:2      | Reached skill level 1 in Staves
  1579 | D:2      | Reached skill level 1 in Slings
  1579 | D:2      | Reached skill level 1 in Bows
  1579 | D:2      | Reached skill level 1 in Crossbows
  1579 | D:2      | Reached skill level 1 in Throwing
  1579 | D:2      | Reached skill level 1 in Armour
  1579 | D:2      | Reached skill level 1 in Shields
  1579 | D:2      | Reached skill level 1 in Unarmed Combat
  1579 | D:2      | Reached skill level 1 in Invocations
  1579 | D:2      | Reached skill level 1 in Evocations
  1579 | D:2      | Reached XP level 4. HP: 24/32 MP: 7/11
  1826 | D:2      | Noticed Jessica
  1835 | D:2      | Killed Jessica
  1836 | D:2      | Reached skill level 1 in Conjurations
  1836 | D:2      | Reached skill level 1 in Hexes
  1836 | D:2      | Reached skill level 1 in Summonings
  1836 | D:2      | Reached skill level 1 in Necromancy
  1836 | D:2      | Reached skill level 1 in Translocations
  1836 | D:2      | Reached skill level 1 in Transmutations
  1836 | D:2      | Reached skill level 1 in Fire Magic
  1836 | D:2      | Reached skill level 1 in Air Magic
  1836 | D:2      | Reached skill level 1 in Earth Magic
  1836 | D:2      | Reached skill level 1 in Poison Magic
  1871 | D:2      | Reached XP level 5. HP: 32/37 MP: 8/12
  2270 | D:2      | Reached XP level 6. HP: 31/44 MP: 7/13
  2910 | D:3      | Found a faded altar of an unknown god.
  3122 | D:3      | Reached skill level 5 in Dodging
  3198 | D:3      | Identified the +1 leather armour "Diciyf" {Str+2}
  3747 | D:4      | Noticed a black bear
  3762 | D:4      | Killed a black bear
  4051 | D:4      | Reached XP level 7. HP: 50/50 MP: 15/15
  4512 | D:4      | Found a shimmering blue altar of Sif Muna.
  4676 | D:5      | Entered Level 5 of the Dungeon
  4699 | D:5      | Noticed Sigmund
  4710 | D:5      | Killed Sigmund
  4839 | D:5      | Reached skill level 5 in Stealth
  4964 | D:5      | Noticed Menkaure
  4971 | D:5      | Killed Menkaure
  5157 | D:5      | Reached XP level 8. HP: 33/58 MP: 13/16
  5316 | D:5      | Noticed Edmund
  5332 | D:5      | Killed Edmund
  5763 | D:5      | Found Johipr Hunte's Lightly-Used Armoury.
  5935 | D:6      | Noticed a komodo dragon
  5941 | D:6      | Killed a komodo dragon
  5988 | D:6      | Found a shimmering altar of Xom.
  6261 | D:6      | Reached XP level 9. HP: 65/65 MP: 14/18
  6318 | D:6      | Found a hide-covered altar of Uskayaw.
  6930 | D:6      | Found a runed translucent door.
  6931 | D:6      | Noticed Crazy Yiuf
  6940 | D:6      | Killed Crazy Yiuf
  7369 | D:7      | Noticed Harold
  7391 | D:7      | Killed Harold
  7392 | D:7      | Reached skill level 5 in Invocations
  7553 | D:7      | Found a staircase to the Ecumenical Temple.
  7577 | Temple   | Entered the Ecumenical Temple
  7627 | Temple   | Became a worshipper of Ashenzari the Shackled
  7939 | D:7      | Found a burning altar of Makhleb.
  8086 | D:7      | Reached XP level 10. HP: 73/73 MP: 17/20
  8245 | D:7      | Noticed Maggie
  8256 | D:7      | Killed Maggie
  8257 | D:7      | Reached skill level 5 in Fighting
  8257 | D:7      | Reached skill level 5 in Short Blades
  8257 | D:7      | Reached skill level 5 in Long Blades
  8257 | D:7      | Reached skill level 5 in Axes
  8257 | D:7      | Reached skill level 5 in Maces & Flails
  8257 | D:7      | Reached skill level 5 in Polearms
  8257 | D:7      | Reached skill level 5 in Staves
  8257 | D:7      | Reached skill level 5 in Slings
  8257 | D:7      | Reached skill level 5 in Bows
  8257 | D:7      | Reached skill level 5 in Crossbows
  8257 | D:7      | Reached skill level 5 in Throwing
  8257 | D:7      | Reached skill level 5 in Armour
  8257 | D:7      | Reached skill level 5 in Shields
  8257 | D:7      | Reached skill level 5 in Unarmed Combat
  8257 | D:7      | Reached skill level 5 in Evocations
  8617 | D:7      | Found a white marble altar of Elyvilon.
  8619 | D:7      | Found a shadowy altar of Dithmenos.
 10010 | D:8      | Noticed a boulder beetle
 10019 | D:8      | Identified the ring "Tetsodat" {Fly rF+ Dex+5}
 10030 | D:8      | Killed a boulder beetle
 10031 | D:8      | Noticed a boulder beetle
 10043 | D:8      | Killed a boulder beetle
 10044 | D:8      | Reached XP level 11. HP: 47/81 MP: 14/22
 10166 | D:8      | Noticed a manticore
 10171 | D:8      | Killed a manticore
 10282 | D:8      | Identified the ring of Voxe Tee {Will+ EV+4}
 10282 | D:8      | Noticed a centaur warrior
 10293 | D:8      | Killed a centaur warrior
 10294 | D:8      | Reached skill level 5 in Conjurations
 10294 | D:8      | Reached skill level 5 in Hexes
 10294 | D:8      | Reached skill level 5 in Summonings
 10294 | D:8      | Reached skill level 5 in Necromancy
 10294 | D:8      | Reached skill level 5 in Translocations
 10294 | D:8      | Reached skill level 5 in Transmutations
 10294 | D:8      | Reached skill level 5 in Fire Magic
 10294 | D:8      | Reached skill level 5 in Air Magic
 10294 | D:8      | Reached skill level 5 in Earth Magic
 10294 | D:8      | Reached skill level 5 in Poison Magic
 10495 | D:8      | Identified the ring "Cigivolu" {Contam rPois rC+ rN+ SInv}
 10495 | D:8      | Noticed a centaur warrior
 10506 | D:8      | Killed a centaur warrior
 10507 | D:8      | Noticed a catoblepas
 10519 | D:8      | Killed a catoblepas
 10927 | D:8      | Identified the ring of the Clam {+Blink rN+ MP+9}
 11088 | D:9      | Noticed a two-headed ogre
 11096 | D:9      | Killed a two-headed ogre
 11321 | D:9      | Noticed an eight-headed hydra
 11332 | D:9      | Killed an eight-headed hydra
 12098 | D:10     | Entered Level 10 of the Dungeon
 12220 | D:10     | Reached * piety under Ashenzari
 12281 | D:10     | Noticed an ogre mage
 12283 | D:10     | Paralysed by an ogre mage for 5 turns
 12283 | D:10     | Noticed a two-headed ogre
 12289 | D:10     | Noticed a two-headed ogre
 12297 | D:10     | Killed an ogre mage
 12301 | D:10     | Killed a two-headed ogre
 12301 | D:10     | Noticed Gastronok
 12302 | D:10     | Reached XP level 12. HP: 49/92 MP: 22/25
 12305 | D:10     | Killed a two-headed ogre
 12533 | D:10     | Killed Gastronok
 13180 | D:11     | Noticed a two-headed ogre
 13186 | D:11     | Killed a two-headed ogre
 13230 | D:11     | Found a frozen archway.
 13261 | D:11     | Learned a level 4 spell: Animate Dead
 13267 | IceCv    | Entered an ice cave
 13590 | D:11     | Reached ** piety under Ashenzari
 13638 | D:11     | Found a staircase to the Lair.
 13638 | D:11     | Noticed a two-headed ogre
 13653 | D:11     | Killed a two-headed ogre
 13903 | D:11     | Found a staircase to the Orcish Mines.
 14322 | D:11     | Noticed a four-headed hydra
 14331 | D:11     | Killed a four-headed hydra
 14506 | Lair:1   | Entered Level 1 of the Lair of Beasts
 15306 | Lair:1   | Identified a scroll of acquirement
 15315 | Lair:1   | Acquired a +2 helmet of see invisible
 15356 | Lair:1   | Noticed a seven-headed hydra
 15367 | Lair:1   | Killed a seven-headed hydra
 15368 | Lair:1   | Reached XP level 13. HP: 89/101 MP: 24/27
 15445 | Lair:1   | Identified the +1 chain mail "Pazis" {-Tele rElec Regen+
                  | rCorr}
 15669 | Lair:2   | Found a dark tunnel.
 15676 | Volcano  | Entered a volcano
 16629 | Lair:2   | Reached skill level 10 in Ice Magic
 17203 | Lair:3   | Noticed Sonja
 17212 | Lair:3   | Killed Sonja
 17362 | Lair:3   | Noticed Rupert
 18107 | Lair:3   | Identified the +5 leather armour of the Blind Marksman
                  | {rN+}
 18131 | Lair:3   | Reached *** piety under Ashenzari
 18227 | Lair:3   | Reached skill level 10 in Spellcasting
 18824 | Lair:3   | Found a staircase to the Swamp.
 18937 | Lair:3   | Killed Rupert
 18938 | Lair:3   | Reached skill level 10 in Dodging
 19095 | Lair:4   | Found a runed translucent gate.
 19095 | Lair:4   | Found a runed translucent gate.
 19095 | Lair:4   | Found a runed translucent gate.
 19121 | Lair:4   | Noticed Nessos
 19138 | Lair:4   | Reached XP level 14. HP: 41/113 MP: 26/30
 19138 | Lair:4   | Killed Nessos
 19531 | Lair:4   | Reached skill level 10 in Stealth
 19983 | Lair:4   | Noticed DocClef's ghost (journeyman GnIE)
 19983 | Lair:4   | Identified the ring of the Establishment {Fire Fly rPois
                  | Will++ Slay+2}
 20008 | Lair:4   | Found a staircase to the Snake Pit.
 20200 | Lair:4   | Reached skill level 10 in Invocations
 20404 | Lair:4   | Learned a level 3 spell: Stone Arrow
 20735 | Lair:5   | Found a gate leading to a gauntlet.
 20744 | Gauntlet | Entered a Gauntlet
 20744 | Gauntlet | Found a transporter.
 20744 | Gauntlet | Found a large runed translucent door.
 20744 | Gauntlet | Found a large runed translucent door.
 20744 | Gauntlet | Found a large runed translucent door.
 20744 | Gauntlet | Found a large runed translucent door.
 20744 | Gauntlet | Found a runed translucent door.
 20744 | Gauntlet | Found a runed translucent door.
 20744 | Gauntlet | Found a large runed translucent door.
 20744 | Gauntlet | Found a large runed translucent door.
 20744 | Gauntlet | Found a large runed translucent door.
 20744 | Gauntlet | Found a large runed translucent door.
 20744 | Gauntlet | Found a large runed translucent door.
 20744 | Gauntlet | Found a large runed translucent door.
 20745 | Gauntlet | Found a large runed translucent door.
 20745 | Gauntlet | Found a large runed translucent door.
 20753 | Gauntlet | Found a transporter.
 20769 | Gauntlet | Found a transporter.
 20776 | Gauntlet | Found a transporter.
 20791 | Gauntlet | Found a transporter.
 20810 | Gauntlet | Found a transporter.
 20816 | Gauntlet | Identified the ring "Kavargh" {Str+5 Int+6}
 20826 | Gauntlet | Found a transporter.
 20831 | Gauntlet | Found a transporter.
 20846 | Gauntlet | Found a transporter.
 20847 | Gauntlet | Identified the +0 hat "Ywoegoma" {rElec rPois}
 20851 | Gauntlet | Found a transporter.
 20868 | Gauntlet | Identified the +0 cloak of Restlessness {Dex+2 SInv}
 20870 | Gauntlet | Found a transporter.
 20881 | Gauntlet | Identified the +0 pair of boots of Weightlessness {rElec}
 20882 | Gauntlet | Found a transporter.
 20899 | Gauntlet | Found a transporter.
 20916 | Gauntlet | Found a transporter.
 20918 | Gauntlet | Found a transporter.
 20937 | Gauntlet | Found a large runed translucent door.
 20938 | Gauntlet | Found a large runed translucent door.
 20942 | Gauntlet | Found a runed translucent gate.
 20942 | Gauntlet | Found a runed translucent gate.
 20942 | Gauntlet | Found a runed translucent gate.
 20944 | Gauntlet | Found a transporter.
 20946 | Gauntlet | Found a transporter.
 20954 | Gauntlet | Found a large runed translucent door.
 20955 | Gauntlet | Found a large runed translucent door.
 20969 | Gauntlet | Found a transporter.
 21146 | Gauntlet | HP: 4/114 [poisoned by a death drake (foul vapour)]
 21146 | Gauntlet | Slain by a centaur warrior zombie

Illustrated notes

Levels and vault maps discovered:
D:1:      amcnicky_arrival_feature_with_door, layout_loops_corners
D:2:      layout_basic, minmay_randomly_rotated_circles, uniq_jessica,
          uniq_terence
D:3:      layout_basic, nicolae_ecumenical_pavilion
D:4:      layout_basic, kennysheep_mini
D:5:      layout_loops_ring, minmay_hedge_maze, minmay_shop_damaged,
          uniq_edmund, uniq_sigmund, uniq_menkaure
D:6:      layout_basic, hangedman_feature_mirror, uniq_crazy_yiuf_cottage
D:7:      layout_basic, old_standard_altar, mainiacjoe_overflow_large_starburst,
          minmay_temple_entry_crystal_x, uniq_harold, uniq_maggie
D:8:      minmay_the_grid_triangle_9x9_rhombus_full
          [minmay_the_grid_triangle_9x9_corrupted_corridor,
          minmay_the_grid_triangle_9x9_intruding_spiral,
          minmay_the_grid_triangle_9x9_shrine,
          minmay_the_grid_triangle_9x9_checkered,
          minmay_the_grid_triangle_9x9_pentomino_pain,
          minmay_the_grid_triangle_9x9_longest,
          minmay_the_grid_triangle_9x9_negative_grid,
          minmay_the_grid_triangle_9x9_prize_special], layout_loops_ring
D:9:      layout_loops_ring, kennysheep_boxes
D:10:     layout_gridville, uniq_gastronok
D:11:     layout_roguey, lair_entry_dummy, minmay_orc_entry_temple_small,
          portal_ice_cave_entry_pillars_2
Temple:   regret_index_temple_mists
Lair:1:   layout_gridlike, infiniplex_staircase_pool
Lair:2:   layout_long_grid, nicolae_volcano_entry_two_sided, grunt_megastairs_2
Lair:3:   layout_roguey, palyth_hydra_swamp_entry, uniq_rupert, uniq_sonja
Lair:4:   layout_gridlike, minmay_snake_entry_guardpost_large,
          gammafunk_ghost_icy, uniq_nessos
Lair:5:   layout_cave_pods, dpeg_slime_entry_enclosed_altar,
          gauntlet_entry_generic
Gauntlet: gammafunk_gauntlet_one_two_three
          [minmay_gauntlet_arena_make_your_own_arena,
          nicolae_gauntlet_arena_flowing_pool, gammafunk_gauntlet_arena_spirals,
          gammafunk_gauntlet_arena_hedges, gammafunk_gauntlet_arena_chambers,
          nicolae_gauntlet_arena_grate_2, gammafunk_gauntlet_arena_mazey,
          nicolae_gauntlet_arena_t_cross, nicolae_gauntlet_arena_quarters,
          gauntlet_exit_watery]

Skill      XL: |  1  2  3  4  5  6  7  8  9 10 11 12 13 14 |
---------------+-------------------------------------------+-----
Spellcasting   | 5 6 7 8 9 10 | 10.5
Fighting       | 1 2 3 4 5 6 7 8 9 |  9.2
Short Blades   | 1 2 3 4 5 6 7 8 9 |  9.2
Long Blades    | 1 2 3 4 5 6 7 8 9 |  9.2
Axes           | 1 2 3 4 5 6 7 8 9 |  9.2
Maces & Flails | 1 2 3 4 5 6 7 8 9 |  9.2
Polearms       | 1 2 3 4 5 6 7 8 9 |  9.2
Staves         | 1 2 3 4 5 6 7 8 9 |  9.2
Slings         | 1 2 3 4 5 6 7 8 9 |  9.2
Bows           | 1 2 3 4 5 6 7 8 9 |  9.2
Crossbows      | 1 2 3 4 5 6 7 8 9 |  9.2
Throwing       | 1 2 3 4 5 6 7 8 9 |  9.2
Armour         | 1 2 3 4 5 6 7 8 9 |  9.2
Shields        | 1 2 3 4 5 6 7 8 9 |  9.2
Unarmed Combat | 1 2 3 4 5 6 7 8 9 |  9.2
Invocations    | 1 2 3 4 5 6 7 8 9 10 | 10.0
Evocations     | 1 2 3 4 5 6 7 8 9 |  9.2
Conjurations   | 1 2 3 4 5 6 7 |  7.7
Hexes          | 1 2 3 4 5 6 7 |  7.7
Summonings     | 1 2 3 4 5 6 7 |  7.7
Necromancy     | 1 2 3 4 5 6 7 |  7.7
Translocations | 1 2 3 4 5 6 7 |  7.7
Transmutations | 1 2 3 4 5 6 7 |  7.7
Fire Magic     | 1 2 3 4 5 6 7 |  7.7
Air Magic      | 1 2 3 4 5 6 7 |  7.7
Earth Magic    | 1 2 3 4 5 6 7 |  7.7
Poison Magic   | 1 2 3 4 5 6 7 |  7.7
Dodging        | 5 6 7 8 9 10 | 10.3
Stealth        | 5 6 7 8 9 10 | 10.1
Ice Magic      | 8 9 10 | 10.5

Action                   |  1- 3 |  4- 6 |  7- 9 | 10-12 | 13-15 || total
-------------------------+-------+-------+-------+-------+-------++-------
Melee: Unarmed           |     3 |       |       |       |       ||     3
       Club              |    21 |       |       |       |       ||    21
       Bite              |     3 |     8 |     8 |    40 |    36 ||    95
       Quarterstaff      |     5 |    45 |       |       |       ||    50
       Dagger            |     4 |       |       |       |       ||     4
       Punch             |     1 |     1 |     1 |       |       ||     3
       War axe           |       |    19 |    37 |       |       ||    56
       Great mace        |       |       |    50 |       |       ||    50
       Halberd           |       |       |     4 |       |     1 ||     5
       Battleaxe         |       |       |     2 |   283 |   227 ||   512
       Morningstar       |       |       |       |    10 |       ||    10
 Fire: Hunting sling     |       |    34 |     3 |       |       ||    37
       Hand crossbow     |       |       |    93 |    49 |       ||   142
       Longbow           |       |       |       |    77 |   101 ||   178
Throw: Stone             |     4 |    22 |       |       |       ||    26
       Dart              |       |       |     8 |    11 |    23 ||    42
       Javelin           |       |       |       |       |     2 ||     2
       Boomerang         |       |       |       |       |     3 ||     3
 Cast: Freeze            |    30 |     6 |     2 |     1 |       ||    39
       Frozen Ramparts   |     1 |    14 |    22 |    36 |    35 ||   108
       Stone Arrow       |       |       |       |       |     3 ||     3
       Animate Dead      |       |       |       |       |     1 ||     1
Invok: Curse Item        |       |       |       |     3 |     2 ||     5
Evoke: Wand              |       |       |     2 |    13 |    13 ||    28
  Use: Scroll            |       |       |    16 |    11 |     6 ||    33
       Potion            |       |       |     4 |     7 |     8 ||    19
 Stab: Sleeping          |     5 |     4 |     1 |       |     1 ||    11
Armor: Robe              |     9 |     8 |       |       |       ||    17
       Leather armour    |       |     7 |    18 |    25 |    93 ||   143
       Scale mail        |       |       |    22 |   180 |       ||   202
Dodge: Dodged            |    33 |    61 |    69 |   245 |   297 ||   705
Block: Other             |       |       |       |    58 |    67 ||   125
       Reflection        |       |       |       |     3 |     2 ||     5
